 Dungeon Crawl Stone Soup version 0.27-a0-1200-g94dc6ad4cf (webtiles) character file.

Game seed: 5103344416500033056

548 zezblit the Sneak (level 7, -2/57 HPs)
             Began as a Naga Enchanter on May 31, 2021.
             Slain by a two-headed ogre
             ... wielding a +0 giant spiked club
              (25 damage)
             ... on level 5 of the Dungeon.
             The game lasted 00:48:24 (4970 turns).

zezblit the Sneak (Naga Enchanter)                  Turns: 4970, Time: 00:48:25

Health: -2/57      AC: 14    Str: 12    XL:     7   Next: 28%
Magic:  5/11       EV:  8    Int: 20    God:
Gold:   114        SH:  5    Dex: 14    Spells: 2/11 levels left

rFire    + . .     SeeInvis +   q - +1 dagger (elec)
rCold    + . .     Faith    .   (no shield)
rNeg     . . .     Spirit   .   c - +1 leather armour {rF+}
rPois    +         Reflect  +   u - +0 helmet "Ginkor" {Dex+3}
rElec    +         Harm     .   (no cloak)
rCorr    .         Rampage  .   (no gloves)
Will     .....                  f - +0 barding of the Orb {rElec rC+ Int+4}
Stlth    +++.......             k - amulet of reflection
HPRegen  0.19/turn              n - +4 ring of protection
MPRegen  0.12/turn              (no ring)

@: about to teleport, very slow
A: AC +2, large, see invisible, deformed body, poison resistance, slowness 2,
spit poison 1, naga tail 1
a: Spit Poison


You were on level 5 of the Dungeon.
You visited 1 branch of the dungeon, and saw 5 of its levels.

You collected 114 gold pieces.

Inventory:

Hand Weapons
 a - a +1 dagger
 h - a +0 short sword of speed
 p - a +2 vorpal hand axe
 q - a +1 dagger of electrocution (weapon)
 t - a +1 spectral club
 x - a +2 dagger of venom
 y - a +0 hand axe of draining
 A - a +1 vorpal flail
Missiles
 e - 135 stones
 s - 13 poisoned darts
Armour
 c - a +1 leather armour of fire resistance (worn)
 f - the +0 barding of the Orb (worn) {rElec rC+ Int+4}
   (You acquired it on level 2 of the Dungeon)

   It affects your intelligence (+4).
   It protects you from cold.
   It insulates you from electricity.
 u - the +0 helmet "Ginkor" (worn) {Dex+3}
   (You took it off Robin on level 4 of the Dungeon)

   It affects your dexterity (+3).
 v - a +2 ring mail of fire resistance
Jewellery
 i - a ring of ice
 k - an amulet of reflection (around neck)
 n - a +4 ring of protection (left hand)
 w - a ring of resist corrosion
Scrolls
 j - a scroll of enchant weapon
 l - a scroll of amnesia
Potions
 d - a potion of resistance
 g - 2 potions of heal wounds
 m - a potion of lignification
 r - a potion of brilliance


   Skills:
 + Level 1.1 Fighting
 + Level 3.6 Short Blades
 + Level 2.4 Armour
 + Level 2.7 Dodging
 + Level 5.2 Stealth
 + Level 2.8 Spellcasting
 * Level 4.4 Hexes
 + Level 1.1 Ice Magic


You had 2 spell levels left.
You knew the following spells:

 Your Spells              Type           Power      Damage    Failure   Level
a - Corona                Hex            22%        N/A       3%          1
b - Tukima's Dance        Hex            20%        N/A       9%          3
c - Ensorcelled Hibernat  Hex/Ice        26%        N/A       9%          2
d - Confusing Touch       Hex            20%        N/A       9%          3

Your spell library contained the following spells:

 Spells                   Type           Power      Damage    Failure   Level
 Summon Small Mammal      Summ           8%         N/A       19%         1
 Call Imp                 Summ           2%         N/A       28%         2
 Dazzling Flash           Conj/Hex       22%        N/A       22%         3
 Summon Guardian Golem    Hex/Summ       11%        N/A       22%         3
 Call Canine Familiar     Summ           2%         N/A       50%         3
 Summon Ice Beast         Ice/Summ       5%         N/A       82%         4
 Summon Lightning Spire   Summ/Air       2%         N/A       88%         4


Dungeon Overview and Level Annotations

Branches:
Dungeon (5/15)
 Temple: D:4-7

Altars:

Annotations:
D:4 Eustachio


Innate Abilities, Weirdness & Mutations

Your serpentine skin is tough. (AC +2)
You have supernaturally acute eyesight. (SInv)
Armour fits poorly on your strangely shaped body.
Your system is resistant to poisons. (rPois)
You cover ground very slowly.
You can spit poison.
You have a snake-like lower body.


Message History

Your +0 giant club falls from the air.
Press: ? - help, v - describe, . - travel, g - get item
Here: a two-headed ogre, wielding a +0 giant spiked club Item here: a +0 giant club.
The floor.
Casting: Tukima's Dance (dangerous; 9% risk of failure)
Confirm with . or Enter, or press ? or * to list all spells.
Aiming: Ensorcelled Hibernation (safe; 9% risk of failure)
Press: ? - help, Shift-Dir - straight line, f/p - two-headed ogre
Aim: a two-headed ogre, wielding a +0 giant spiked club (chance to affect: 27%)
You miscast Ensorcelled Hibernation.
Nothing appears to happen.
Casting: Ensorcelled Hibernation (safe; 9% risk of failure)
Confirm with . or Enter, or press ? or * to list all spells.
Your hands begin to glow red.
The two-headed ogre closely misses you.
The two-headed ogre hits you with a +0 giant spiked club!
You hit the two-headed ogre but do no damage.
The two-headed ogre appears confused.
The two-headed ogre hits you but does no damage.
The two-headed ogre hits you with a +0 giant spiked club!
You hit the two-headed ogre.
The two-headed ogre is lightly wounded.
You feel yourself speed up. The two-headed ogre barely misses you.
The two-headed ogre hits you with a +0 giant spiked club!
You hit the two-headed ogre.
Lightning courses through the two-headed ogre!
The two-headed ogre is moderately wounded.
You hit the two-headed ogre.
Lightning courses through the two-headed ogre!
The two-headed ogre is heavily wounded.
The two-headed ogre laughs crazily.
Your magical contamination has completely faded away.
The two-headed ogre seems less confused.
The two-headed ogre hits you with a +0 giant spiked club.
The two-headed ogre closely misses you.
As you read the scroll of teleportation, it crumbles to dust.
You feel strangely unstable. The two-headed ogre closely misses you.
The two-headed ogre hits you with a +0 giant spiked club!!
You die...

############
#..........#
#.########.# #.# #.#
#.# #.# #.#
######.########
#.###.............#
#.##...###.#####..####
##### #......WO@.#
#.....#####
#...#######...######
##.........
...................#
####.#####
......##[###.#####.#
#.# .....).......# #.#
#.# ......##.##### #.#
#.# .....###.# #.# #.#
#...## #.# #.# #.#
##..# #.# ### #.# #.#


You could see a two-headed ogre and a phantom.

Vanquished Creatures
  4 hounds (D:4)
  An orc priest (D:4)
  A bullfrog skeleton (D:4)
  An orc wizard (D:4)
  2 iguanas (D:4)
  A killer bee zombie (D:4)
  Robin (D:4)
  5 adders
  A howler monkey skeleton (D:3)
  A gnoll (D:4)
  An ufetubus (D:4)
  An adder skeleton (D:4)
  3 dart slugs
  10 orcs
  6 endoplasms
  3 giant cockroaches
  15 goblins
  5 hobgoblins
  9 jackals
  8 kobolds
  4 quokkas
  8 ball pythons
  3 bats
  5 frilled lizards
  2 rats (D:1)
101 creatures vanquished.

Vanquished Creatures (collateral kills)
  Edmund (D:4)
  A wight (D:5)
  An orc (D:3)
3 creatures vanquished.

Vanquished Creatures (others)
  2 dancing weapons
2 creatures vanquished.

Grand Total: 106 creatures vanquished

Notes
Turn   | Place    | Note
-------+----------+-------------------------------------------
     0 | D:1      | zezblit the Naga Enchanter began the quest for the Orb.
     0 | D:1      | Reached XP level 1. HP: 15/15 MP: 3/3
   329 | D:1      | Reached XP level 2. HP: 7/22 MP: 3/5
   341 | D:1      | HP: 1/22 [ball python (2)]
  1134 | D:1      | HP: 1/22 [kobold/+0 short sword (4)]
  1709 | D:1      | Reached XP level 3. HP: 21/28 MP: 4/6
  1857 | D:1      | Learned a level 3 spell: Tukima's Dance
  1860 | D:1      | Learned a level 2 spell: Ensorcelled Hibernation
  1891 | D:1      | Found a faded altar of an unknown god.
  2152 | D:2      | Identified a scroll of acquirement
  2152 | D:2      | Acquired the +0 barding of the Orb {rElec rC+ Int+4}
  2697 | D:3      | Reached XP level 4. HP: 36/36 MP: 7/7
  2790 | D:3      | Reached skill level 1 in Ice Magic
  2816 | D:3      | Reached skill level 1 in Armour
  3244 | D:3      | Reached skill level 5 in Stealth
  3244 | D:3      | Reached XP level 5. HP: 42/42 MP: 8/8
  3606 | D:4      | Noticed Eustachio
  3611 | D:4      | Learned a level 3 spell: Confusing Touch
  3755 | D:4      | Identified the +0 helmet "Ginkor" {Dex+3}
  3755 | D:4      | Noticed Robin
  3804 | D:4      | Reached XP level 6. HP: 47/50 MP: 5/9
  3832 | D:4      | Killed Robin
  4004 | D:5      | Entered Level 5 of the Dungeon
  4238 | D:4      | Noticed Edmund
  4252 | D:4      | Reached skill level 1 in Fighting
  4252 | D:4      | Reached XP level 7. HP: 37/56 MP: 11/11
  4420 | D:4      | Killed Edmund
  4939 | D:5      | Noticed a two-headed ogre
  4970 | D:5      | Slain by a two-headed ogre

Illustrated notes

Levels and vault maps discovered:
D:1:      minmay_arrival_arboretum_large, layout_rooms,
          hellmonk_ecumenical_altar_heavens_door
D:2:      layout_rooms, st_stairs_11
D:3:      minmay_angry_zag, layout_basic
D:4:      minmay_door_path, layout_basic, cheibrodos_gnoll_hut, uniq_edmund,
          uniq_robin, uniq_eustachio
D:5:      layout_loops_ring

Skill      XL: |  1  2  3  4  5  6 |
---------------+-------------------+-----
Ice Magic      | 1 |  1.1
Armour         | 1 2 |  2.4
Short Blades   | 2 3 |  3.6
Stealth        | 5 |  5.2
Dodging        | 2 |  2.7
Hexes          | 4 |  4.4
Fighting       | 1 |  1.1
Spellcasting   | |  2.8

Action                   |  1- 3 |  4- 6 |  7- 9 || total
-------------------------+-------+-------+-------++-------
Melee: Dagger            |    47 |   159 |    34 ||   240
       Short sword       |    56 |    27 |       ||    83
       Hand axe          |       |     1 |       ||     1
 Cast: Corona            |    22 |       |       ||    22
       Ensorcelled Hiber |     4 |     2 |       ||     6
       Tukima's Dance    |       |     4 |     3 ||     7
       Confusing Touch   |       |     1 |     1 ||     2
 Abil: Spit Poison       |     5 |    22 |       ||    27
  Use: Scroll            |     1 |     3 |     8 ||    12
       Potion            |       |     3 |       ||     3
 Stab: Sleeping          |     2 |     2 |       ||     4
       Distracted        |       |       |     1 ||     1
Armor: Leather armour    |    21 |   126 |    12 ||   159
Dodge: Dodged            |    34 |    66 |    16 ||   116
Block: Other             |       |    57 |     6 ||    63
       Reflection        |       |     1 |       ||     1

Table legend: (Time is in decaauts)
 A = Elapsed time spent in this place.
 B = Non-inter-level travel time spent in this place.
 C = Inter-level travel time spent in this place.
 D = Time resting spent in this place.
 E = Time spent auto-exploring this place.
 F = Levels seen in this place.
 G = Mean time per level.
                   A        B        C        D        E       F      G
               +--------+--------+--------+--------+--------+-----+--------+
         Total |   5953 |   5843 |    110 |   1480 |   3233 |   5 | 1190.6 |
       Dungeon |   5953 |   5843 |    110 |   1480 |   3233 |   5 | 1190.6 |
               +--------+--------+--------+--------+--------+-----+--------+

Top non-repeatable levels by time:
     D:1: 2188 daAuts
     D:4: 1657 daAuts
     D:3: 1179 daAuts
     D:2: 737 daAuts
     D:5: 189 daAuts
